 Dungeon Crawl Stone Soup version 0.19.3-4-gbf9329e (webtiles) character file.

11506 Jerry the Fighter (level 11, -8/97 HPs)
             Began as a Centaur Gladiator on Jan 30, 2017.
             Was a High Priest of Okawaru.
             Mangled by a freezing wraith (14 damage)
             ... led by a death knight
             ... on level 10 of the Dungeon.
             The game lasted 00:48:53 (15045 turns).

Jerry the Fighter (Centaur Gladiator)              Turns: 15045, Time: 00:48:53

Health: -8/97      AC: 17    Str: 21    XL:     11   Next: 50%
Magic:  10/12      EV: 11    Int:  7    God:    Okawaru [*****.]
Gold:   549        SH:  0    Dex: 12    Spells: 0 memorised, 10 levels left

rFire  . . .     SeeInvis .     B - +0 great sword (holy)
rCold  . . .     Gourm    .     C - +0 chain mail
rNeg   . . .     Faith    .     (shield currently unavailable)
rPois  .         Spirit   .     b - +0 helmet
rElec  .         Reflect  .     a - +2 cloak
rCorr  .         Harm     .     e - +0 pair of gloves
MR     .....     Clarity  +     (no barding)
Stlth  ..........               o - amulet of rage
                                u - ring of wizardry
                                J - ring of stealth

@: heroism, slowed
A: hooves 3, clarity, deformed body, speed 2, strong 1, tough skin 3
a: Heroism, Finesse, Renounce Religion, Evoke Berserk Rage


You were on level 10 of the Dungeon.
You worshipped Okawaru.
Okawaru was extremely pleased with you.
You were very hungry.

You visited 2 branches of the dungeon, and saw 12 of its levels.
You also visited: Ossuary.

You collected 549 gold pieces.

Inventory:

Hand Weapons
 i - a +1 spear of venom
 p - a +4 halberd of flaming
 B - a +0 great sword of holy wrath (weapon)
 Q - the +9 dagger of Chilly Death {flash freeze, rPois rF- rC++ MR+}
   (You found it on level 10 of the Dungeon)

   It has been specially enchanted to freeze those struck by it, causing extra
   injury to most foes and up to half again as much damage against particularly
   susceptible opponents.
   It can also slow down cold-blooded creatures.
   It makes you vulnerable to fire.
   It greatly protects you from cold.
   It protects you from poison.
   It affects your resistance to hostile enchantments.
Missiles
 d - 5 throwing nets (quivered)
Armour
 a - a +2 cloak (worn)
 b - a +0 helmet (worn)
 e - a +0 pair of gloves (worn)
 C - a +0 chain mail (worn)
Jewellery
 h - an uncursed ring of protection from fire {unknown}
 o - an amulet of rage (around neck)
 u - a ring of wizardry (right hand)
 J - a ring of stealth (left hand)
 L - an uncursed ring of flight {unknown}
 P - the amulet "Afaon" {Harm *Drain Int-4 Dex+3 Slay+2, unknown}
   (You found it on level 10 of the Dungeon)

   [amulet of harm]

   It increases damage dealt and taken.
   It affects your intelligence (-4).
   It affects your dexterity (+3).
   It affects your accuracy and damage with ranged weapons and melee attacks
   (+2).
   It causes draining when unequipped.
 S - an uncursed ring of protection from fire {unknown}
Wands
 I - a wand of disintegration (8/24)
 K - a wand of disintegration (19/24)
 M - a wand of acid (3/15)
 O - a wand of enslavement (24/24)
Scrolls
 j - a scroll of enchant armour
 l - 2 scrolls of fog
 m - a scroll of immolation
 r - 2 scrolls of teleportation
 s - 2 scrolls of identify
 y - 5 scrolls of remove curse
 D - 3 scrolls of blinking
 E - a scroll of amnesia
Potions
 k - 2 potions of might
 n - 3 potions of berserk rage
 t - 2 potions of flight
 w - 2 potions of lignification {unknown}
 x - a potion of heal wounds {unknown}
 z - a potion of invisibility {unknown}
 A - 4 potions of curing {unknown}
 F - 3 potions of brilliance {unknown}
 G - 2 potions of magic {unknown}
Books
 R - a book of Transfigurations

   Spells                             Type                      Level
   a - Irradiate                      Conjuration/Transmutation    5
   b - Statue Form                    Transmutation/Earth          6
   c - Hydra Form                     Transmutation                6
   d - Dragon Form                    Transmutation                7
Miscellaneous
 c - a sack of spiders
Comestibles
 f - 9 bread rations
 g - 6 meat rations
 H - 3 beef jerkies
 N - 4 fruits


   Skills:
 + Level 9.5(14.5) Fighting
 + Level 8.9(13.9) Long Blades
 - Level 2.1(7.1) Throwing
 + Level 6.8(11.8) Armour
 + Level 7.4(12.4) Dodging
 + Level 2.5 Invocations


You had 10 spell levels left.
You didn't know any spells.

Dungeon Overview and Level Annotations

Branches:
Dungeon (11/15)            Temple (1/1) D:5            Lair (0/6) D:8
    Orc (0/2) D:11

Altars:
Ashenzari
Cheibriados
Dithmenos
Elyvilon
Fedhas
Gozag
Hepliaklqana
Kikubaaqudgha
Makhleb
Nemelex Xobeh
Okawaru
Qazlal
Ru
Sif Muna
Trog
Uskayaw
Vehumet
Xom
Yredelemnul
Zin
The Shining One
Jiyva


Innate Abilities, Weirdness & Mutations

You have hooves in place of feet.
Armour fits poorly on your strangely shaped body.
You cover ground very quickly.
You have extremely tough skin. (AC +3)
You possess an exceptional clarity of mind.
Your muscles are strong. (Str +2)


Message History

The freezing wraith barely misses you.
You riposte.
You slash the freezing wraith!
The freezing wraith convulses.
The freezing wraith is severely damaged.
The freezing wraith closely misses you.
You gain the combat prowess of a mighty hero.
The freezing wraith hits you. The freezing wraith freezes you!
* * * LOW HITPOINT WARNING * * *
The freezing wraith hits you.
* * * LOW HITPOINT WARNING * * *
The freezing wraith drains your vigour!
You feel as though you will be slow longer.
You hit the freezing wraith but do no damage.
Your kick misses the freezing wraith.
The freezing wraith is severely damaged.
The freezing wraith misses you.
The freezing wraith completely misses you.
The freezing wraith hits you!
* * * LOW HITPOINT WARNING * * *
The freezing wraith freezes you!
You die...

#.##..##........#.....
#....##....###.....###
####........#[##.##.#.
##......#####.#####
###[.######.......##
#......# #...####..#
#.....####.#.# ##.#
#.W#####.#.#.# #..#
### #..@.##..#.#.##
#..# ..#####
#.##..#.......###...
......#
#.>...#...........#.
#.###.#
#.###...###...####..
#.###.#
#.#####.............
#.....# #..#
######.#####.. #####.#
##.# #.# ##.
....#.#### #.# ##'##
## ###......# #.#
##...## #


You could see a freezing wraith.

Vanquished Creatures
  A skeletal warrior (D:10)
  4 hill giants
  Maurice (D:9)
  A komodo dragon (D:8)
  A freezing wraith (D:11)
  2 rime drakes (D:10)
  2 slime creatures (D:10)
  Grinder (D:4)
  2 hippogriffs
  3 yaks (D:10)
  A water moccasin (D:7)
  4 sky beasts
  4 orc warriors
  17 ice beasts
  2 phantoms (D:4)
  7 ogres
  2 centaurs
  5 bullfrogs
  3 big kobolds
  An elf zombie (Ossuary)
  A wyvern zombie (D:7)
  3 scorpions
  7 killer bees
  5 wights (D:10)
  3 crimson imps
  A bullfrog zombie (D:9)
  8 jellies
  A quasit (D:10)
  2 human zombies (Ossuary)
  5 orc priests
  5 hounds
  12 orc wizards
  4 bullfrog skeletons
  An iguana (D:7)
  Terence (D:3)
  A centaur skeleton (D:4)
  5 worker ants
  A big kobold zombie (Ossuary)
  A hound zombie (D:7)
  4 mummies (Ossuary)
  3 gnolls (D:2)
  13 adders
  4 shadow imps
  An ooze (D:1)
  4 worms
  7 dart slugs
  5 leopard geckos
  48 orcs
  2 ball pythons
  6 bats
  A giant cockroach (D:2)
  2 gnoll zombies (Ossuary)
  9 goblins
  13 hobgoblins
  14 jackals
  A quokka (D:9)
  7 frilled lizards
  A hobgoblin zombie (Ossuary)
  A jackal zombie (Ossuary)
  16 kobolds
  2 orc zombies (Ossuary)
  A quokka skeleton (D:4)
  6 rats
  2 rat zombies (Ossuary)
304 creatures vanquished.

Vanquished Creatures (others)
  An orc wizard (D:3)
  A plant (D:8)
2 creatures vanquished.

Grand Total: 306 creatures vanquished

Notes
Turn   | Place    | Note
-------+----------+-------------------------------------------
     0 | D:1      | Jerry the Centaur Gladiator began the quest for the Orb.
     0 | D:1      | Reached XP level 1. HP: 17/17 MP: 1/1
   131 | D:1      | Reached XP level 2. HP: 24/24 MP: 2/2
   729 | D:1      | Reached XP level 3. HP: 30/30 MP: 3/3
   890 | D:2      | Reached skill level 1 in Armour
  1125 | D:2      | Reached skill level 3 in Fighting
  1133 | D:2      | Reached XP level 4. HP: 18/38 MP: 4/4
  1509 | D:2      | Found a hazy altar of Hepliaklqana.
  1620 | D:2      | Found an ancient bone altar of Kikubaaqudgha.
  1893 | D:2      | Found a white marble altar of Elyvilon.
  2193 | D:3      | Noticed Terence
  2212 | D:3      | Killed Terence
  2212 | D:3      | Reached XP level 5. HP: 26/45 MP: 5/5
  2544 | D:3      | Found a deep blue altar of Sif Muna.
  3317 | D:4      | Reached XP level 6. HP: 49/52 MP: 6/6
  3320 | D:4      | Noticed Grinder
  3329 | D:3      | Reached skill level 4 in Fighting
  3790 | D:4      | Found a sacrificial altar of Ru.
  3885 | D:4      | Found a sand-covered staircase.
  3890 | Ossuary  | Entered an ossuary
  3954 | Ossuary  | Reached XP level 7. HP: 27/60 MP: 7/7
  4373 | D:4      | Found a basalt altar of Yredelemnul.
  4442 | D:4      | Reached skill level 5 in Fighting
  4622 | D:4      | Found a burning altar of Makhleb.
  4741 | D:4      | Paralysed by Grinder for 3 turns
  4754 | D:4      | Killed Grinder
  4754 | D:4      | Reached skill level 5 in Long Blades
  4754 | D:4      | Reached XP level 8. HP: 15/68 MP: 8/8
  5535 | D:5      | Entered Level 5 of the Dungeon
  5535 | D:5      | Found a staircase to the Ecumenical Temple.
  5631 | Temple   | Entered the Ecumenical Temple
  5864 | Temple   | Became a worshipper of Warmaster Okawaru
  5940 | D:4      | Reached skill level 6 in Fighting
  6137 | D:5      | Noticed a hippogriff
  6161 | D:5      | Killed a hippogriff
  6161 | D:5      | Reached * piety under Okawaru
  6169 | D:5      | Found a shimmering altar of Xom.
  6190 | D:5      | Found a stormy altar of Qazlal.
  6232 | D:5      | Found a shadowy altar of Dithmenos.
  6546 | D:5      | Reached XP level 9. HP: 76/77 MP: 9/9
  6745 | D:7      | Reached skill level 5 in Dodging
  7564 | D:7      | Reached skill level 7 in Fighting
  7782 | D:8      | Found a staircase to the Lair.
  7782 | D:8      | Noticed a komodo dragon
  7824 | D:8      | Killed a komodo dragon
  7824 | D:8      | Reached ** piety under Okawaru
  8483 | D:8      | Reached skill level 5 in Armour
  9344 | D:9      | Reached XP level 10. HP: 55/88 MP: 10/10
  9783 | D:9      | Found a viscous altar of Jiyva.
  9911 | D:9      | Noticed Maurice
 10006 | D:9      | Killed Maurice
 10006 | D:9      | Reached *** piety under Okawaru
 10112 | D:9      | Reached skill level 8 in Fighting
 10291 | D:9      | Found a faded altar of an unknown god.
 10291 | D:9      | Found a faded altar of an unknown god.
 10296 | D:9      | Found a faded altar of an unknown god.
 10363 | D:9      | Found an opulent altar of Gozag.
 10721 | D:9      | Found a glowing silver altar of Zin.
 10723 | D:9      | Found a faded altar of an unknown god.
 10747 | D:10     | Entered Level 10 of the Dungeon
 11090 | D:10     | Reached **** piety under Okawaru
 11425 | D:10     | Got a warped amethyst amulet
 11994 | D:10     | Reached ***** piety under Okawaru
 12549 | D:10     | Noticed a hill giant
 12766 | D:10     | Noticed a hill giant
 12771 | D:10     | Killed a hill giant
 12771 | D:10     | Reached skill level 9 in Fighting
 12771 | D:10     | Reached XP level 11. HP: 97/97 MP: 8/11
 12839 | D:10     | Killed a hill giant
 13003 | D:10     | Received a gift from Okawaru
 13169 | D:10     | Noticed a hill giant
 13178 | D:10     | Killed a hill giant
 13522 | D:11     | Noticed a hill giant
 13531 | D:11     | Killed a hill giant
 13689 | D:11     | Received a gift from Okawaru
 13705 | D:11     | Reached skill level 1 in Invocations
 13707 | D:11     | Noticed a skeletal warrior
 14396 | D:11     | Found a staircase to the Orcish Mines.
 14845 | D:10     | Killed a skeletal warrior
 14848 | D:10     | Gained mutation: Your muscles are strong. (Str +2) [potion of mutation]
 14848 | D:10     | Gained mutation: You possess an exceptional clarity of mind. [potion of mutation]
 15045 | D:10     | Mangled by a freezing wraith

Skill      XL: |  1  2  3  4  5  6  7  8  9 10 11 |
---------------+----------------------------------+-----
Armour         | 1 2 3 4 5 6 |  6.8
Long Blades    | 3 4 5 6 7 8 |  8.9
Fighting       | 3 4 5 6 7 9 |  9.5
Dodging        | 3 4 5 6 7 |  7.4
Invocations    | 2 |  2.5
Throwing       | |  2.1

Action                   |  1- 3 |  4- 6 |  7- 9 | 10-12 || total
-------------------------+-------+-------+-------+-------++-------
Melee: Long sword        |     8 |       |       |       ||     8
       Spear             |    73 |   240 |   320 |       ||   633
       Kick              |    10 |    55 |    84 |   133 ||   282
       Great sword       |       |    33 |   115 |   393 ||   541
       Dagger            |       |       |       |    39 ||    39
Throw: Throwing net      |       |       |     3 |     1 ||     4
Invok: Heroism           |       |       |     1 |    14 ||    15
 Abil: Evoke Berserk Rag |       |       |     1 |     5 ||     6
  Use: Scroll            |       |       |    18 |     2 ||    20
       Potion            |       |       |       |     2 ||     2
 Stab: Paralysed         |       |     1 |       |       ||     1
       Held in net/web   |       |       |       |     1 ||     1
  Eat: Chunk             |       |     8 |    13 |    15 ||    36
       Pizza             |       |       |     1 |       ||     1
       Beef jerky        |       |       |       |     5 ||     5
Armor: Leather armour    |    18 |    16 |       |       ||    34
       Ring mail         |       |    26 |       |       ||    26
       Chain mail        |       |   108 |   196 |   301 ||   605
Dodge: Dodged            |    32 |   106 |   131 |   170 ||   439
       Rpst.: Long sword |     1 |       |       |       ||     1
       Great sword       |       |     7 |    17 |    39 ||    63
